 Dungeon Crawl Stone Soup version 0.28.0-45-g0d030f2227 (webtiles) character file.

Game seed: 6064654081446366647

30 101zpm the Chiller (level 3, -2/19 HPs)
             Began as a Deep Elf Ice Elementalist on Apr 20, 2022.
             Killed from afar by Natasha (9 damage)
             ... with a magic dart
             ... on level 2 of the Dungeon.
             The game lasted 00:02:44 (1583 turns).

101zpm the Chiller (Deep Elf Ice Elementalist)      Turns: 1583, Time: 00:02:44

Health: -2/19      AC:  2    Str:  5    XL:     3   Next: 3%
Magic:  8/10       EV: 12    Int: 21    God:
Gold:   56         SH:  0    Dex: 15    Spells: 8/9 levels left

rFire   . . .      SeeInvis .   g - +0 dagger (elec)
rCold   . . .      Faith    .   (no shield)
rNeg    . . .      Spirit   .   a - +0 robe
rPois   .          Reflect  .   (no helmet)
rElec   .          Harm     .   (no cloak)
rCorr   .          Rampage  .   (no gloves)
Will    .....                   (no boots)
Stlth   ++........              (no amulet)
HPRegen 0.06/turn               (no ring)
MPRegen 0.12/turn               (no ring)

@: slowed, very slow
A: no striking features
a: no special abilities


You were on level 2 of the Dungeon.
You visited 1 branch of the dungeon, and saw 2 of its levels.

You collected 56 gold pieces.

Inventory:

Hand Weapons
 g - a +0 dagger of electrocution (weapon)
Armour
 a - a +0 robe (worn)
Scrolls
 b - 3 scrolls of teleportation {unknown}
 d - a scroll of fear {unknown}
 h - a scroll of blinking {unknown}
 i - a scroll of identify {unknown}
Potions
 c - a potion of curing {unknown}
 e - a potion of cancellation {unknown}
 f - a potion of mutation {unknown}


   Skills:
 + Level 0.1 Fighting
 + Level 2.6 Dodging
 + Level 2.6 Stealth
 + Level 3.7 Spellcasting
 + Level 4.9 Ice Magic


You had 8 spell levels left.
You knew the following spells:

 Your Spells              Type           Power      Damage    Failure   Level
a - Freeze                Ice            96%        1d11      1%          1

Your spell library contained the following spells:

 Spells                   Type           Power      Damage    Failure   Level
 Frozen Ramparts          Ice            48%        1d6       4%          3
 Ozocubu's Armour         Ice            24%        N/A       4%          3
 Hailstorm                Conj/Ice       14%        3d5       41%         4
 Animate Dead             Necr           1%         N/A       77%         4
 Borgnjor's Vile Clutch   Necr/Erth      1%         N/A       98%         5
 Death Channel            Necr           1%         N/A       100%        6


Dungeon Overview and Level Annotations

Branches:
Dungeon (2/15)

Altars:

Annotations:
D:2 Natasha, Sigmund


Message History

The goblin shouts!
The hobgoblin shouts!
The kobold shouts!
You hear an angry hiss.
Natasha, Servant of Life and Death comes into view.
She is carrying a wand of flame (11).
You hear a shout!
The kobold throws a stone.
The stone barely misses you. The kobold closely misses you.
A ball python comes into view.
The kobold throws a stone.
The stone hits you but does no damage.
Found 23 gold pieces.
Natasha hisses angrily.
Natasha wildly gestures.
You feel disoriented.
Natasha stares at you and mumbles some strange words.
You feel yourself slow down. The kobold hits you but does no damage.
Natasha stares at you and mumbles some strange words.
You resist with some effort.
The kobold hits you with a +0 short sword.
You open the door. The goblin hits you but does no damage.
Natasha casts a spell.
The kobold hits you with a +0 short sword.
The goblin hits you but does no damage.
The kobold hits you with a +0 short sword.
The crimson imp blinks!
There is an open door here.
The goblin hits you with a +0 club.
Aiming: Freeze (safe; 1% risk of failure)
Press: ? - help, Q - select action Shift-Dir - straight line, f - goblin
Aim: a goblin, wielding a +0 club You freeze the goblin!
You kill the goblin!
The kobold barely misses you.
Aiming: Freeze (safe; 1% risk of failure)
Press: ? - help, Q - select action Shift-Dir - straight line, f - kobold
Aim: a kobold, wielding a +0 club and quivering stones You freeze the kobold.
You kill the kobold!
Natasha casts a spell at you. The magic dart hits you!
You die...

...........#..
#.........#..
#...#...#.#..
#...#........
#.......#....
####...##....... #
#......$......##
#.###g...#.##..#...#
#..@)K.........#.#.#
#####h5..#..........
#....####.####.
#5...# ... ######
... ..


You could see Natasha, a crimson imp (summoned), a hobgoblin and a kobold.

Vanquished Creatures
  A dart slug (D:1)
  3 bats
  3 endoplasms
  3 goblins
  3 hobgoblins (D:1)
  2 kobolds
  6 ball pythons (D:1)
  A frilled lizard (D:1)
  3 rats
25 creatures vanquished.

Notes
Turn   | Place    | Note
-------+----------+-------------------------------------------
     0 | D:1      | 101zpm the Deep Elf Ice Elementalist began the quest for
                  | the Orb.
     0 | D:1      | Reached XP level 1. HP: 10/10 MP: 6/6
   361 | D:1      | Found a faded altar of an unknown god.
   547 | D:1      | Reached XP level 2. HP: 14/15 MP: 6/8
  1525 | D:2      | Reached XP level 3. HP: 19/19 MP: 7/10
  1557 | D:2      | Noticed Sigmund
  1568 | D:2      | Noticed Natasha
  1583 | D:2      | Killed from afar by Natasha

Illustrated notes

Levels and vault maps discovered:
D:1:      elethiomel_arrival_infinity_welcomes_careful_drivers, layout_basic,
          hellmonk_ecumenical_altar_lost_god, minmay_hexomino_u4
D:2:      layout_basic, uniq_natasha, uniq_sigmund

Action                   || total
-------------------------++-------
Melee: Unarmed           ||     2
       Dagger            ||     1
 Cast: Freeze            ||    34
Armor: Robe              ||    12
Dodge: Dodged            ||    16
